 Dungeon Crawl Stone Soup version 0.28-a0-895-g6e5f11bd55 (webtiles) character file.

Game seed: 3636888676916653764

3423 zeram the Cleaver (level 10, -4/77 HPs)
             Began as a Hill Orc Fighter on Nov 23, 2021.
             Was an Initiate of Gozag.
             Asphyxiated
             ... on level 6 of the Dungeon.
             The game lasted 00:09:49 (7650 turns).

zeram the Cleaver (Hill Orc Fighter)                Turns: 7650, Time: 00:09:50

Health: -4/77      AC: 17    Str: 23    XL:     10   Next: 5%
Magic:  0/10       EV: 11    Int:  8    God:    Gozag
Gold:   491        SH:  6    Dex: 16    Spells: 9/9 levels left

rFire   . . .      SeeInvis .   g - +3 war axe (vorpal)
rCold   . . .      Faith    .   c - +0 buckler
rNeg    . . .      Spirit   +   h - +1 plate armour
rPois   .          Reflect  .   (no helmet)
rElec   .          Harm     .   q - +1 cloak {Stlth+}
rCorr   .          Rampage  .   (no gloves)
Will    .....                   (no boots)
Stlth   ..........              b - amulet of guardian spirit
HPRegen 0.22/turn               k - +6 ring of dexterity
MPRegen 0.12/turn               m - +4 ring of evasion

@: lethally poisoned (-4 -> -8), slowed, very slow
A: no striking features
a: Renounce Religion, Potion Petition, Call Merchant, Bribe Branch


You were on level 6 of the Dungeon.
You worshipped Gozag.
Gozag was aware of your devotion.
You visited 2 branches of the dungeon, and saw 7 of its levels.
You also visited: Sewer.

You collected 570 gold pieces.
You paid 79 gold pieces to Gozag.

Inventory:

Hand Weapons
 a - a +1 war axe of protection
 g - a +3 vorpal war axe (weapon)
Missiles
 p - a throwing net (quivered)
Armour
 c - a +0 buckler (worn)
 h - a +1 plate armour (worn)
 q - a +1 cloak of stealth (worn)
Jewellery
 b - an amulet of guardian spirit (around neck)
 k - a +6 ring of dexterity (left hand)
 m - a +4 ring of evasion (right hand)
 r - a ring of positive energy
Wands
 l - a wand of polymorph (8)
Scrolls
 f - a scroll of amnesia
Potions
 j - a potion of attraction
 n - 3 potions of magic
 o - 3 potions of mutation


   Skills:
 - Level 3.6 Fighting
 + Level 14.0 Axes
 + Level 8.8 Armour
 + Level 6.2 Shields


You had 9 spell levels left.
You didn't know any spells.
Your spell library contained the following spells:

 Spells                   Type           Power      Damage    Failure   Level
 Static Discharge         Conj/Air       0%         N/A       100%        2
 Lightning Bolt           Conj/Air       0%         1d11      100%        5
 Maxwell's Capacitive Co  Air            0%         ∞         100%        8


Dungeon Overview and Level Annotations

Branches:
Dungeon (6/15)             Temple (1/1) D:6           Sewer (visited)

Altars:
Cheibriados
Elyvilon
Gozag
Makhleb
Nemelex Xobeh
Wu Jian
Xom
Yredelemnul
Lugonu


Message History

You hit the kobold brigand.
You feel sick.
The kobold brigand hits you but does no damage.
You are electrocuted!
* * * LOW HITPOINT WARNING * * *
The kobold brigand barely misses you.
You closely miss the kobold brigand.
The kobold brigand is lightly wounded.
You closely miss the kobold brigand.
You feel sick. You block the kobold brigand's attack.
The kobold brigand closely misses you.
Unknown command.
You barely miss the kobold brigand.
The kobold brigand is lightly wounded.
You slash the kobold brigand!
You feel sick.
The kobold brigand hits you with a +2 rapier of electrocution.
* * * LOW HITPOINT WARNING * * *
You are electrocuted!
* * * LOW HITPOINT WARNING * * *
The kobold brigand hits you but does no damage.
Okay, then.
Blink to where?
Press: ? - help, Dir - move target, f - kobold brigand
Aim: a kobold brigand, wielding a +0 whip and quivering curare-tipped darts (lightly wounded)
You can't blink onto the kobold brigand!
Blink to where?
Press: ? - help, Dir - move target, f - you, p - kobold brigand Are you sure you want to cancel this blink?
Blink to where?
Press: ? - help, Dir - move target, p - kobold brigand
As you read the scroll labelled VIOLES HAAQE, it crumbles to dust.
It was a scroll of blinking.
You feel sick.
The kobold brigand throws a poisoned dart.
You block the poisoned dart.
You feel sick.
You are no longer poisoned.
The kobold brigand throws a curare-tipped dart.
The curare-tipped dart hits you.
You are lethally poisoned!
You have difficulty breathing.
You die...
Your body crumbles into a pile of gold.

..#
#.#...#.>.#..###.>###
#.. ###
#.#..#.#.#.#......#
#.#
#.....#.#.#..###.##
#.# ## ###....#.#...#
#.###### #.# .##
#..........#
#......## #.# ..##
#.##.#######
######..#####.
...####.##.......#
####$!$##
......#..###.###.#
##.....# ....#.##.#
#.# #@# #..#.#.P
..#.#.##.###.# #.###
#8.#.#.8
(##..........# #...#
#..#.#..
.####.##.##### ###.#
###.....#
............#
#K######.##'''##
[...........#
##.K.$K$K........
#####.......#
#..#####).....###
...##.......# #.##
########
##.##.......# #.#


You could see 2 kobold brigands.

Vanquished Creatures
  The ghost of Atlas the Magician, a novice DjEE (D:6)
  Grinder (D:5)
  Sigmund (D:5)
  A steam dragon (D:5)
  Menkaure (D:5)
  Edmund (D:4)
  Duvessa (D:4)
  An ice beast (D:6)
  A sky beast (D:6)
  An orc warrior (D:5)
  3 phantoms
  An ogre (D:5)
  8 kobold brigands (D:6)
  A bullfrog (D:6)
  A scorpion (D:5)
  A water moccasin skeleton (D:4)
  Dowan (D:4)
  A wight (D:5)
  A howler monkey (D:6)
  4 crimson imps (D:3)
  2 bullfrog zombies (D:5)
  A centaur zombie (D:6)
  3 jellies
  Crazy Yiuf (D:4)
  3 hounds
  2 iguanas (D:5)
  An orc wizard (D:4)
  A hound skeleton (D:4)
  7 adders
  3 gnolls (D:6)
  2 river rats
  2 white imps
  2 ufetubi (D:5)
  3 worms
  A dart slug (D:5)
  5 orcs
  8 ball pythons
  2 endoplasms (D:2)
  4 giant cockroaches
  6 goblins
  3 hobgoblins
  3 jackals (D:1)
  5 quokkas
  A bat (D:3)
  7 frilled lizards
  2 kobolds
  7 rats
119 creatures vanquished.

Vanquished Creatures (others)
  3 fungi (D:6)
  4 plants
7 creatures vanquished.

Grand Total: 126 creatures vanquished

Notes
Turn   | Place    | Note
-------+----------+-------------------------------------------
     0 | D:1      | zeram the Hill Orc Fighter began the quest for the Orb.
     0 | D:1      | Reached XP level 1. HP: 19/19 MP: 1/1
   184 | D:1      | Reached XP level 2. HP: 23/26 MP: 2/2
   588 | D:1      | Reached skill level 3 in Axes
   803 | D:1      | Found a faded altar of an unknown god.
   965 | D:2      | Reached XP level 3. HP: 27/31 MP: 3/3
  1272 | D:2      | Reached skill level 4 in Axes
  1341 | D:2      | Reached XP level 4. HP: 34/39 MP: 4/4
  1945 | D:3      | Found a glowing drain.
  1954 | Sewer    | Entered a sewer
  2060 | Sewer    | Reached skill level 5 in Axes
  2175 | Sewer    | Reached XP level 5. HP: 21/45 MP: 5/5
  2765 | D:3      | Found a shimmering altar of Xom.
  2894 | D:3      | Reached skill level 6 in Axes
  2894 | D:3      | Reached XP level 6. HP: 46/51 MP: 6/6
  3259 | D:4      | Noticed Dowan
  3260 | D:4      | Noticed Duvessa
  3269 | D:4      | Killed Duvessa
  3270 | D:4      | Reached skill level 7 in Axes
  3270 | D:4      | Reached skill level 5 in Armour
  3281 | D:4      | Killed Dowan
  3561 | D:4      | Found a burning altar of Makhleb.
  3603 | D:4      | Found a runed translucent door.
  3604 | D:4      | Noticed Crazy Yiuf
  3651 | D:4      | Reached XP level 7. HP: 29/57 MP: 7/7
  3881 | D:4      | Noticed Edmund
  3893 | D:4      | Killed Edmund
  3894 | D:4      | Reached skill level 8 in Axes
  4101 | D:4      | Found a sparkling altar of Nemelex Xobeh.
  4720 | D:4      | Killed Crazy Yiuf
  4823 | D:5      | Entered Level 5 of the Dungeon
  4873 | D:5      | Noticed Grinder
  4896 | D:5      | Killed Grinder
  4897 | D:5      | Reached skill level 9 in Axes
  4897 | D:5      | Reached XP level 8. HP: 38/64 MP: 5/8
  4914 | D:5      | Reached skill level 5 in Shields
  5036 | D:5      | Found an opulent altar of Gozag.
  5066 | D:5      | Became a worshipper of Gozag Ym Sagoz the Greedy
  5182 | D:5      | Reached skill level 10 in Axes
  5300 | D:5      | Noticed Menkaure
  5314 | D:5      | Killed Menkaure
  5593 | D:5      | Noticed Sigmund
  5603 | D:5      | Killed Sigmund
  5604 | D:5      | Reached skill level 11 in Axes
  5654 | D:5      | Reached XP level 9. HP: 55/70 MP: 7/9
  6135 | D:5      | Reached skill level 12 in Axes
  6425 | D:6      | Found a staircase to the Ecumenical Temple.
  6452 | D:6      | Found a runed translucent gate.
  6453 | D:6      | Found a runed translucent gate.
  6453 | D:6      | Noticed Atlas's ghost (novice DjEE)
  6454 | D:6      | Found a runed translucent gate.
  7263 | D:6      | Reached skill level 13 in Axes
  7296 | Temple   | Entered the Ecumenical Temple
  7634 | D:6      | Killed Atlas's ghost
  7635 | D:6      | Reached XP level 10. HP: 52/77 MP: 6/10
  7640 | D:6      | Reached skill level 14 in Axes
  7646 | D:6      | HP: 3/77 [poisoned by a kobold brigand (curare-tipped
                  | dart)]
  7650 | D:6      | Asphyxiated

Illustrated notes

Levels and vault maps discovered:
D:1:      grunt_arrival_crossed_arrows, layout_basic,
          shapermc_ecumenical_altar_hornbeckon
D:2:      layout_loops_ring
D:3:      layout_basic, led_xom_imps, portal_sewer_entry_b
D:4:      layout_basic, old_standard_altar, nemelex_spade_bored_becter,
          uniq_crazy_yiuf_cottage, uniq_edmund, uniq_duvessa
D:5:      minmay_diamond_boxcup, layout_basic, lemuel_round_altar, uniq_grinder,
          uniq_menkaure, uniq_sigmund
D:6:      layout_loops_cross, minmay_temple_entry_grid,
          gammafunk_ghost_nasty_kobolds
Temple:   corrupted_temple

Skill      XL: |  1  2  3  4  5  6  7  8  9 10 |
---------------+-------------------------------+-----
Axes           | 3 4 5 6 7 9 11 13 14 | 14.0
Armour         | 4 5 6 7 8 |  8.8
Shields        | 4 5 6 |  6.2
Fighting       | |  3.6

Action                   |  1- 3 |  4- 6 |  7- 9 | 10-12 || total
-------------------------+-------+-------+-------+-------++-------
Melee: War axe           |    75 |   141 |   245 |    10 ||   471
       Unarmed           |       |       |     5 |       ||     5
  Use: Scroll            |       |     8 |     7 |     1 ||    16
       Potion            |       |       |     9 |       ||     9
Armor: Scale mail        |    12 |       |       |       ||    12
       Plate armour      |    33 |    71 |   141 |     6 ||   251
       Skin              |       |       |     2 |       ||     2
Dodge: Dodged            |    20 |    40 |    62 |     4 ||   126
Block: Buckler           |    16 |    35 |    45 |     5 ||   101

Table legend: (Time is in decaauts)
 A = Elapsed time spent in this place.
 B = Non-inter-level travel time spent in this place.
 C = Inter-level travel time spent in this place.
 D = Time resting spent in this place.
 E = Time spent auto-exploring this place.
 F = Levels seen in this place.
 G = Mean time per level.
                   A        B        C        D        E       F      G
               +--------+--------+--------+--------+--------+-----+--------+
         Total |   7772 |   7540 |    232 |    835 |   5491 |   8 |  971.5 |
       Dungeon |   6761 |   6536 |    225 |    546 |   5022 |   6 | 1126.8 |
        Temple |    300 |    293 |      7 |    287 |      0 |   1 |  300.0 |
         Sewer |    711 |    711 |      0 |      2 |    468 |   1 |  711.0 |
               +--------+--------+--------+--------+--------+-----+--------+

Top non-repeatable levels by time:
     D:4: 1583 daAuts
     D:5: 1535 daAuts
     D:3: 986 daAuts
     D:6: 972 daAuts
     D:1: 911 daAuts
     D:2: 772 daAuts
   Sewer: 711 daAuts
  Temple: 300 daAuts
